 Dungeon Sprint DCSS version 0.21.1-1-g345015f (webtiles) character file.

25 wilfster70 the Sneak (level 3, -3/27 HPs)
             Began as a Gnoll Enchanter on June 18, 2018.
             Slain by an ogre (16 damage)
             ... in the Dungeon (Sprint I: "Red Sonja").
             The game lasted 00:00:53 (46 turns).

wilfster70 the Sneak (Gnoll Enchanter)                Turns: 46, Time: 00:00:55

Health: -3/27      AC:  2    Str: 11    XL:     3   Next: 4%
Magic:  1/9        EV: 15    Int: 17    God:
Gold:   0          SH:  0    Dex: 15    Spells: 6/12 levels left

rFire    . . .     SeeInvis .   a - +1 dagger
rCold    . . .     Gourm    .   (no shield)
rNeg     . . .     Faith    .   b - +0 robe
rPois    .         Spirit   .   (no helmet)
rElec    .         Reflect  .   (no cloak)
rCorr    .         Harm     .   (no gloves)
MR       .....     NoTele   +   (no boots)
Stlth    +++.......             (no amulet)
HPRegen  0.09/turn              (no ring)
MPRegen  0.11/turn              (no ring)

@: berserk cooldown
A: distributed training, fangs 1, strong nose
a: no special abilities


You were in the Dungeon.
You were not hungry.

You visited 1 branch

Inventory:

Hand Weapons
 a - a +1 dagger (weapon)
Armour
 b - a +0 robe (worn)
Scrolls
 j - a scroll of blinking
Potions
 e - a potion of curing
 f - a potion of heal wounds
 g - a potion of haste
 h - 2 potions of magic
Books
 c - a book of Maledictions

   Spells                             Type                      Level
   a - Corona                         Hexes                        1
   b - Ensorcelled Hibernation        Hexes/Ice                    2
   c - Confuse                        Hexes                        3
   d - Tukima's Dance                 Hexes                        3
   e - Dazzling Spray                 Conjuration/Hexes            3
Comestibles
 d - a ration


   Skills:
 + Level 1.7 Fighting
 + Level 3.1 Short Blades
 + Level 1.7 Long Blades
 + Level 1.7 Axes
 + Level 1.7 Maces & Flails
 + Level 1.7 Polearms
 + Level 1.7 Staves
 + Level 1.7 Slings
 + Level 1.7 Bows
 + Level 1.7 Crossbows
 + Level 1.7 Throwing
 + Level 1.7 Armour
 + Level 4.9 Dodging
 + Level 6.2 Stealth
 + Level 1.7 Shields
 + Level 1.7 Unarmed Combat
 + Level 5.2 Spellcasting
 + Level 1.3 Conjurations
 + Level 5.6 Hexes
 + Level 1.3 Charms
 + Level 1.3 Summonings
 + Level 1.3 Necromancy
 + Level 1.3 Translocations
 + Level 1.3 Transmutations
 + Level 1.3 Fire Magic
 + Level 1.3 Ice Magic
 + Level 1.3 Air Magic
 + Level 1.3 Earth Magic
 + Level 1.3 Poison Magic
 + Level 1.9 Invocations
 + Level 1.7 Evocations


You had 6 spell levels left.
You knew the following spells:

 Your Spells              Type           Power        Failure   Level  Hunger
a - Corona                Hex            ###....      1%          1    None
b - Tukima's Dance        Hex            ###.....     4%          3    ###....
c - Ensorcelled Hibernat  Hex/Ice        ###...       4%          2    #......


Dungeon Overview and Level Annotations

Branches:
Dungeon (1/1)

Altars:


Innate Abilities, Weirdness & Mutations

Your experience applies equally to all skills.
You have very sharp teeth.
Your uncanny sense of smell can sniff out nearby items.


Message History

The ogre hits you but does no damage.
Casting: Ensorcelled Hibernation
Confirm with . or Enter, or press ? or * to list all spells.
Aiming: Ensorcelled Hibernation
Press: ? - help, Shift-Dir - straight line, f/p - ogre
Aim: an ogre (lightly wounded, chance to defeat MR: 47%)
The ogre resists with some effort.
The ogre closely misses you.
Casting: Ensorcelled Hibernation
Confirm with . or Enter, or press ? or * to list all spells.
You don't have enough magic to cast that spell.
Unknown command.
The ogre closely misses you. The ogre completely misses you.
There is a fountain of clear blue water here.
The ogre barely misses you. The ogre closely misses you.
The ogre closely misses you.
You feel yourself speed up. The ogre hits you!
Ouch! That really hurt!
You die...

##########
#<.#..'..#
#..'))#..+
#..#### +#
#@.# ∆∆
∆∆∆ #O.#
∆∆ #..#
#⌠⌠# ####
∆∆


You could see an ogre.

Vanquished Creatures
  Ijyb (D)
1 creature vanquished.

Vanquished Creatures (others)
  A dancing weapon (D)
1 creature vanquished.

Grand Total: 2 creatures vanquished

Notes
Turn   | Place    | Note
-------+----------+-------------------------------------------
     0 | D        | wilfster70 the Gnoll Enchanter began the quest for the Orb.
     0 | D        | Reached XP level 1. HP: 13/13 MP: 6/6
     1 | D        | Noticed Ijyb
    12 | D        | Killed Ijyb
    12 | D        | Reached skill level 1 in Fighting
    12 | D        | Reached skill level 1 in Long Blades
    12 | D        | Reached skill level 1 in Axes
    12 | D        | Reached skill level 1 in Maces & Flails
    12 | D        | Reached skill level 1 in Polearms
    12 | D        | Reached skill level 1 in Staves
    12 | D        | Reached skill level 1 in Slings
    12 | D        | Reached skill level 1 in Bows
    12 | D        | Reached skill level 1 in Crossbows
    12 | D        | Reached skill level 1 in Throwing
    12 | D        | Reached skill level 1 in Armour
    12 | D        | Reached skill level 6 in Stealth
    12 | D        | Reached skill level 1 in Shields
    12 | D        | Reached skill level 1 in Unarmed Combat
    12 | D        | Reached skill level 5 in Spellcasting
    12 | D        | Reached skill level 1 in Conjurations
    12 | D        | Reached skill level 1 in Charms
    12 | D        | Reached skill level 1 in Summonings
    12 | D        | Reached skill level 1 in Necromancy
    12 | D        | Reached skill level 1 in Translocations
    12 | D        | Reached skill level 1 in Transmutations
    12 | D        | Reached skill level 1 in Fire Magic
    12 | D        | Reached skill level 1 in Ice Magic
    12 | D        | Reached skill level 1 in Air Magic
    12 | D        | Reached skill level 1 in Earth Magic
    12 | D        | Reached skill level 1 in Poison Magic
    12 | D        | Reached skill level 1 in Invocations
    12 | D        | Reached skill level 1 in Evocations
    12 | D        | Reached XP level 2. HP: 22/22 MP: 8/8
    12 | D        | Reached XP level 3. HP: 27/27 MP: 9/9
    22 | D        | Learned a level 3 spell: Tukima's Dance
    25 | D        | Learned a level 2 spell: Ensorcelled Hibernation
    30 | D        | Noticed an ogre
    46 | D        | Slain by an ogre

Skill      XL: |  1 |
---------------+----+-----
Fighting       | 1 |  1.7
Short Blades   | 3 |  3.1
Long Blades    | 1 |  1.7
Axes           | 1 |  1.7
Maces & Flails | 1 |  1.7
Polearms       | 1 |  1.7
Staves         | 1 |  1.7
Slings         | 1 |  1.7
Bows           | 1 |  1.7
Crossbows      | 1 |  1.7
Throwing       | 1 |  1.7
Armour         | 1 |  1.7
Stealth        | 6 |  6.2
Shields        | 1 |  1.7
Unarmed Combat | 1 |  1.7
Spellcasting   | 5 |  5.2
Conjurations   | 1 |  1.3
Charms         | 1 |  1.3
Summonings     | 1 |  1.3
Necromancy     | 1 |  1.3
Translocations | 1 |  1.3
Transmutations | 1 |  1.3
Fire Magic     | 1 |  1.3
Ice Magic      | 1 |  1.3
Air Magic      | 1 |  1.3
Earth Magic    | 1 |  1.3
Poison Magic   | 1 |  1.3
Invocations    | 1 |  1.9
Evocations     | 1 |  1.7
Dodging        | |  4.9
Hexes          | |  5.6

Action                   || total
-------------------------++-------
Melee: Dagger            ||     9
       Bite              ||     2
 Cast: Tukima's Dance    ||     2
       Ensorcelled Hiber ||     2
  Use: Potion            ||     1
Armor: Robe              ||     3
Dodge: Dodged            ||    10
